 Dungeon Crawl Stone Soup version 0.31-a0-879-g1609e0ac53 (webtiles) character file.

Game seed: 3460875062673180154

301 freelancePsychic the Trooper (level 6, -2/75 HPs)
             Began as a Djinni Shapeshifter on Oct 14, 2023.
             Was a Follower of the Shining One.
             Slain by Blork the orc
             ... wielding a +0 hand axe
              (4 damage)
             ... on level 4 of the Dungeon on Oct 15, 2023.
             The game lasted 00:04:13 (2385 turns).

freelancePsychic the Trooper (Djinni Shapeshifter)  Turns: 2385, Time: 00:04:13

Health: -2/75      AC: 23    Str: 15    XL:     6   Next: 64%
Gold:   220        EV:  2    Int: 11    God:    the Shining One [*.....] SH:  6 Dex: 13

rFire   . . .        f - +0 trident
rCold   . . .        (no shield)
rNeg    . . .        a - melded +0 animal skin
rPois   ∞            (helmet currently unavailable)
rElec   .            (cloak currently unavailable)
rCorr   .            (gloves currently unavailable)
SInv    .            (boots unavailable)
Will    .....        (no amulet)
Stlth   +            (no ring)
HPRegen 0.32/turn    (no ring)
MPRegen 0.00/turn

%: infuse magic (-3 HP)
@: divinely shielded, tree-form, very slightly contaminated, hasted, glowing,
invisible (but backlit and visible), very quick
A: stationary, stasis, torment immunity, boosted hp, sickness immunity, (fire
resistance 2), (cold vulnerability 1), float, innate caster, HP casting, extra
vitality 1
a: Renounce Religion, Divine Shield


You were on level 4 of the Dungeon.
You worshipped the Shining One.
The Shining One was aware of your devotion.
You were a tree.
You visited 1 branch of the dungeon, and saw 4 of its levels.

You collected 220 gold pieces.

Inventory:

Hand Weapons
 f - a +0 trident (weapon)
Missiles
 l - 4 curare-tipped darts
Armour
 a - a +0 animal skin (melded)
Jewellery
 q - a +5 ring of evasion
Talismans
 c - a beast talisman
 d - a flux talisman
Scrolls
 e - 2 scrolls of fog {unknown}
 g - 6 scrolls of identify {@r1}
 h - a scroll of enchant weapon {unknown}
 k - a scroll of amnesia {unknown}
 n - a scroll of poison {unknown}
Potions
 i - a potion of resistance {unknown}
 m - a potion of invisibility
 o - a potion of mutation {unknown}
 p - a potion of degeneration {unknown}


   Skills:
 + Level 5.7 Fighting
 - Level 2.1 Dodging
 - Level 3.2 Unarmed Combat
 - Level 3.1 Shapeshifting


You knew the following spells:

 Your Spells              Type           Power      Damage    Failure   Level
a - Summon Small Mammal   Summ           0%         N/A       34%         1
b - Static Discharge      Conj/Air       0%         2-2/arc   47%         2
Your spell library was empty.

Dungeon Overview and Level Annotations

Branches:
Dungeon (4/15)             Temple (0/1) D:4

Altars:
The Shining One

Annotations:
D:4 Blork the orc


Innate Abilities, Weirdness & Mutations

You are a tree.
Your roots penetrate the ground, keeping you stationary.
You cannot be teleported.
You are immune to unholy pain and torment.
Your maximum health is greatly increased.
Your equipment is partially melded.
You are immune to sickness and miasma.
You are immune to poison.
((Your flesh is very heat resistant. (rF++)))
((You are vulnerable to cold. (rC-)))
You float through the air rather than walking.
You learn spells naturally, not from books.
Your magical power is your life essence.
You have superior vitality. (+4 MHP)


Message History

Nothing appears to happen.
* * * LOW HITPOINT WARNING * * *
You block Blork the orc's attack. The black bear barely misses you.
The black bear claws you but does no damage.
The black bear claws you.
* * * LOW HITPOINT WARNING * * *
Casting: Static Discharge (dangerous; 47% risk of failure)
Confirm with . or Enter, or press ? or * to list all spells.
Blork the orc is struck by an arc of lightning.
Blork the orc is moderately wounded.
You are struck by an arc of lightning.
* * * LOW HITPOINT WARNING * * *
The lightning grounds out.
The black bear is struck by an arc of lightning.
The black bear is moderately wounded.
Blork the orc is struck by an arc of lightning.
Blork the orc is moderately wounded.
The lightning grounds out.
* * * LOW HITPOINT WARNING * * *
Casting: Static Discharge (dangerous; 47% risk of failure)
Confirm with . or Enter, or press ? or * to list all spells.
The black bear is struck by an arc of lightning.
The black bear is heavily wounded.
You are struck by an arc of lightning.
* * * LOW HITPOINT WARNING * * *
The black bear is struck by an arc of lightning.
The black bear is heavily wounded.
The lightning grounds out.
* * * LOW HITPOINT WARNING * * *
Blork the orc begins to cast a cantrip, but forgets the words!
The black bear bites you but does no damage.
The black bear claws you but does no damage.
The black bear barely misses you.
Casting: Static Discharge (dangerous; 47% risk of failure)
Confirm with . or Enter, or press ? or * to list all spells.
You don't have enough health to cast this spell.
You barely miss the black bear.
The black bear is heavily wounded.
Blork the orc hits you with a +0 hand axe.
You die...

###.........###....#
...###...###...#####
.<....# #.........##
...###...###...###.##
###.. .....###.....#
### ..### #......# .
#.....#.....#...
#......#......#
.#.....#o♣...## #.
#......#h###.# ..#
#..?..###W ..# ..#
..#.### o. .# . #.
.### ... ##.# ## ....
..###.. ..... ...#..
#.###. . .o#


You could see Blork the orc, a black bear, a phantom and an orc.

Vanquished Creatures
  Grinder (D:4)
  6 adders
  A dart slug (D:3)
  5 orcs
  5 bats
  An endoplasm (D:1)
  A giant cockroach (D:3)
  4 goblins
  3 hobgoblins
  9 jackals
  3 kobolds
  4 frilled lizards
43 creatures vanquished.

Notes
Turn   | Place    | Note
-------+----------+-------------------------------------------
     0 | D:1      | freelancePsychic the Djinni Shapeshifter began the quest
                  | for the Orb.
     0 | D:1      | Reached XP level 1. HP: 17/17 MP: 0/0
   173 | D:1      | Reached XP level 2. HP: 17/22 MP: 0/0
   368 | D:1      | Found a faded altar of an unknown god.
   385 | D:1      | Prayed at the altar of an unknown god.
   385 | D:1      | Became a worshipper of the Shining One
   385 | D:1      | Reached * piety under the Shining One
   847 | D:2      | Reached XP level 3. HP: 27/27 MP: 0/0
   847 | D:2      | Learned a level 1 spell: Summon Small Mammal
   872 | D:2      | You are sucked into a shaft and drop 2 floors!
  1008 | D:4      | Reached skill level 2 in Fighting
  1024 | D:4      | Noticed Blork the orc
  1241 | D:2      | Reached XP level 4. HP: 31/34 MP: 0/0
  1664 | D:3      | Reached skill level 3 in Fighting
  2128 | D:3      | Reached XP level 5. HP: 34/41 MP: 0/0
  2128 | D:3      | Learned a level 2 spell: Static Discharge
  2300 | D:4      | Found a staircase to the Ecumenical Temple.
  2351 | D:4      | Noticed Grinder
  2354 | D:4      | Noticed a black bear
  2354 | D:4      | Noticed a phantom
  2358 | D:4      | Paralysed by Grinder for 2 turns
  2361 | D:4      | Paralysed by Grinder for 3 turns
  2366 | D:4      | Paralysed by Grinder for 4 turns
  2376 | D:4      | Killed Grinder
  2377 | D:4      | Reached skill level 5 in Fighting
  2377 | D:4      | Reached XP level 6. HP: 20/50 MP: 0/0
  2384 | D:4      | HP: 1/75 [/static electricity (1)]
  2385 | D:4      | Slain by Blork the orc

Illustrated notes

Levels and vault maps discovered:
D:1:      minmay_arrival_semitransparent, layout_loops_ring,
          shapermc_ecumenical_altar_flowoftime
D:2:      layout_basic, minmay_tetromino_t4
D:3:      layout_loops_ring, minmay_box_of_dots
D:4:      nicolae_BIG_FREAKIN_CUBE, layout_layer_cave, temple_hall,
          uniq_blork_the_orc, uniq_grinder

Skill      XL: |  1  2  3  4  5 |
---------------+----------------+-----
Shapeshifting  | 3 |  3.1
Fighting       | 2 3 5 |  5.7
Dodging        | |  2.1
Unarmed Combat | |  3.2

Action                     |  1- 3 |  4- 6 || total
---------------------------+-------+-------++-------
  Melee: Trident           |    59 |    64 ||   123
         Unarmed           |     5 |       ||     5
         Punch             |       |     1 ||     1
   Cast: Static Discharge  |       |     3 ||     3
 Invoke: Divine Shield     |       |     1 ||     1
    Use: Scroll            |     1 |       ||     1
         Potion            |       |     3 ||     3
   Stab: Sleeping          |     1 |       ||     1
 Armour: Animal skin       |    33 |    34 ||    67
         Skin              |       |    60 ||    60
  Dodge: Dodged            |    32 |    39 ||    71
  Block: Other             |       |    13 ||    13

Table legend: (Time is in decaauts)
 A = Elapsed time spent in this place.
 B = Non-inter-level travel time spent in this place.
 C = Inter-level travel time spent in this place.
 D = Time resting spent in this place.
 E = Time spent auto-exploring this place.
 F = Levels seen in this place.
 G = Mean time per level.
                   A        B        C        D        E       F      G
               +--------+--------+--------+--------+--------+-----+--------+
         Total |   2418 |   2295 |    123 |      0 |   1956 |   4 |  604.5 |
       Dungeon |   2418 |   2295 |    123 |      0 |   1956 |   4 |  604.5 |
               +--------+--------+--------+--------+--------+-----+--------+

Top non-repeatable levels by time:
     D:3: 844 daAuts
     D:1: 720 daAuts
     D:2: 546 daAuts
     D:4: 306 daAuts
